Map: Ultralove

Players

llllllllllll

  • Race: Zerg Zerg
  • Spawn Location: 1:00

Jason - Winner!

  • Race: Terran Terran
  • League: Grandmaster
  • Spawn Location: 7:00

VOD

Have the link to the VOD?

Description

Time

  • Played on: Dec. 11, 2024, 6:32 p.m.
  • Length: 18:01
Show
View Real Time Build Order
Export as new Build Order

llllllllllll Zerg 

Build Orders: Hatch First 

Get SALT Encoding   

  12  0:01  Drone  
  13  0:10  Drone  
  14  0:16  Drone, Extractor  
  15  0:22  Overlord  
  15  0:40  Drone x2  
  17  0:52  Hatchery  
  17  0:54  Drone  
  17  0:56  Drone  
  18  1:08  Extractor  
  17  1:11  Spawning Pool  
  17  1:14  Drone  
  17  1:18  Drone  
  18  1:27  Drone  
  19  1:38  Drone  
  20  1:49  Drone  
  21  2:03  Queen  
  21  2:04  Queen  
  21  2:05  Zergling x2  
  21  2:06  Overlord  
  26  2:12  Drone, Metabolic Boost  
  26  2:14  Drone  
  28  2:28  Evolution Chamber  
  27  2:31  Drone x2  
  30  2:39  Queen x2  
  34  2:44  Overlord  
  34  2:49  Drone x2  
  36  2:52  Overlord  
  36  3:05  Drone x3  
  39  3:11  Drone x5  
  44  3:15  Drone  
  45  3:20  Lair  
  45  3:24  Baneling Nest  
  44  3:28  Drone x2  
  44  3:29  Drone  
  44  3:32  Extractor  
  46  3:34  Extractor  
  46  3:35  Extractor  
  46  3:36  Overlord  
  44  3:44  Drone  
  44  3:45  Drone x2  
  44  3:47  Drone  
  44  3:48  Drone, Overlord  
  49  3:50  Drone  
  50  3:55  Zergling x2  
  50  3:56  Zergling x4  
  50  4:01  Drone  
  54  4:03  Drone  
  54  4:08  Drone  
  56  4:14  Drone  
  56  4:16  Hatchery  
  56  4:22  Spire  
  55  4:25  Zergling x4  
  55  4:26  Overseer  
  55  4:30  Overlord  
  57  4:31  Drone  
  57  4:35  Drone  
  57  4:38  Drone  
  60  4:40  Spore Crawler  
  60  4:41  Spore Crawler  
  58  5:00  Drone x10  
  58  5:03  Drone  
  58  5:04  Overlord  
  69  5:14  Overlord  
  69  5:37  Zerg Flyer Weapons Level 1, Mutalisk x7  
  69  5:39  Extractor  
  69  5:41  Extractor  
  69  5:42  Overlord  
  81  5:44  Drone x5  
  81  5:49  Overlord  
  86  5:56  Drone x2  
  88  6:01  Spore Crawler  
  87  6:06  Overlord  
  87  6:07  Drone x6  
  93  6:14  Pneumatized Carapace  
  93  6:21  Hatchery  
  93  6:24  Mutalisk x4  
  100  6:31  Mutalisk  
  100  6:32  Mutalisk  
  104  6:33  Overlord  
  104  6:36  Drone x2  
  104  6:39  Drone x2  
  108  6:44  Mutalisk x2  
  108  6:46  Overlord  
  112  6:54  Extractor  
  112  6:56  Extractor  
  110  7:03  Overlord  
  110  7:08  Corruptor x4  
  112  7:11  Drone x7  
  112  7:14  Overlord  
  125  7:21  Mutalisk x2  
  129  7:29  Mutalisk x2  
  133  7:30  Overlord x2  
  133  7:33  Overlord  
  133  7:37  Mutalisk  
  135  7:46  Mutalisk  
  135  7:49  Zergling x18  
  142  7:55  Mutalisk x2  
  142  8:11  Mutalisk x3  
  142  8:13  Drone x3  
  142  8:17  Drone x2  
  147  8:21  Drone x2  
  147  8:22  Hatchery  
  148  8:29  Mutalisk x3  
  154  8:35  Mutalisk  
  154  8:37  Overlord  
  156  8:42  Overseer  
  156  8:43  Zerg Flyer Weapons Level 2  
  156  8:47  Drone  
  156  8:48  Drone x2  
  159  8:49  Drone  
  159  8:50  Drone x2  
  159  8:51  Extractor  
  159  8:52  Hatchery  
  160  8:55  Extractor  
  160  8:59  Mutalisk x3  
  160  9:02  Mutalisk  
  167  9:12  Extractor  
  167  9:13  Mutalisk x2, Extractor  
  169  9:21  Drone x3  
  169  9:22  Drone x3  
  175  9:24  Mutalisk x3, Overlord  
  169  9:45  Mutalisk x4  
  134  10:01  Mutalisk x4  
  134  10:04  Zergling x28  
  150  10:08  Mutalisk x2  
  154  10:19  Mutalisk x3  
  160  10:25  Mutalisk  
  160  10:26  Mutalisk  
  160  10:27  Zergling x18  
  167  10:32  Mutalisk x2  
  154  10:48  Mutalisk x5  
  159  10:52  Zergling x12  
  160  10:58  Mutalisk  
  160  10:59  Mutalisk x3  
  160  11:00  Zergling x4  
  164  11:09  Mutalisk x3  
  170  11:11  Zergling x2  
  170  11:12  Zergling x4  
  146  11:26  Mutalisk x6  
  155  11:42  Mutalisk x5  
  155  11:44  Overlord x2  
  155  11:45  Overseer x2  
  155  11:46  Zergling x10  
  155  11:47  Zergling x16  
  178  11:53  Hatchery  
  177  11:54  Queen  
  177  11:55  Overlord  
  177  11:56  Extractor  
  177  11:58  Zerg Flyer Armor Level 1  
  178  12:03  Extractor  
  178  12:06  Mutalisk x4  
  185  12:13  Mutalisk x4  
  185  12:15  Zergling x4  
  187  12:27  Baneling Nest  
  187  12:29  Drone x2  
  189  12:30  Drone  
  189  12:31  Roach Warren  
  189  12:32  Evolution Chamber x2  
  146  12:58  Mutalisk x4  
  146  12:59  Mutalisk x7  
  142  13:13  Zerg Missile Weapons Level 1, Zerg Melee Weapons Level 1, Glial Reconstitution  
  142  13:15  Drone x7  
  142  13:19  Drone x3  
  154  13:41  Roach x11  
  154  13:45  Overseer  
  154  13:48  Overlord  
  174  14:00  Zergling x30  
  177  14:17  Ravager x9  
  177  14:18  Ravager x2  
  177  14:19  Zergling x2  
  177  14:20  Zergling x22  
  200  14:32  Baneling  
  200  14:34  Baneling x29  
  172  15:16  Zergling x18  
  172  15:20  Zergling x18  
  180  15:24  Infestation Pit  
  180  15:27  Zerg Flyer Armor Level 2  
  179  15:28  Zerg Missile Weapons Level 2  
  179  15:32  Centrifugal Hooks  
  139  15:58  Roach  
  139  15:59  Roach x5  
  139  16:03  Zergling x4  
  139  16:04  Zergling x38  
  150  16:08  Roach x2  
  150  16:10  Roach  
  142  16:12  Hive  
  142  16:15  Overseer x2  
  142  16:17  Roach x5  
  149  16:19  Ravager  
  149  16:20  Ravager x5  
  149  16:21  Roach x4  
  149  16:24  Roach x2  
  164  16:27  Baneling  
  164  16:28  Baneling x23  
  164  16:30  Ravager x2  
  154  16:33  Roach x10  
  154  16:36  Roach x2  
  167  16:44  Roach x5  
  165  16:52  Roach x5  
  150  16:57  Roach x4  
  150  17:00  Ravager  
  150  17:01  Ravager  
  138  17:02  Ravager  
  138  17:04  Roach x3  
  138  17:07  Roach x3  
  138  17:08  Ravager x2  
  136  17:11  Ravager x2  
  119  17:19  Roach x5  
Show
View Real Time Build Order
Export as new Build Order

Jason Terran - Winner!

Build Orders: Reaper Expand, Mech 

Get SALT Encoding   

  12  0:00  SCV  
  13  0:12  SCV  
  14  0:16  Supply Depot  
  14  0:24  SCV  
  15  0:38  SCV  
  15  0:39  Barracks  
  16  0:46  Refinery  
  16  0:50  SCV  
  17  1:02  SCV  
  18  1:14  SCV  
  19  1:28  Orbital Command, Reaper  
  20  1:39  Command Center  
  20  1:49  Supply Depot  
  20  1:54  SCV  
  21  1:59  Marine  
  22  2:06  SCV  
  23  2:08  Factory  
  23  2:18  SCV  
  24  2:22  Barracks Reactor  
  24  2:30  SCV  
  25  2:42  SCV  
  26  2:44  Command Center  
  26  2:53  Orbital Command  
  26  2:54  SCV  
  27  3:01  Starport  
  27  3:06  SCV  
  27  3:08  Refinery  
  28  3:17  Hellion x2  
  28  3:18  Barracks Tech Lab, SCV  
  33  3:21  SCV  
  34  3:30  SCV  
  34  3:33  SCV  
  36  3:38  Hellion x2  
  39  3:43  SCV  
  40  3:48  Refinery  
  40  3:50  Fusion Core  
  40  3:51  SCV  
  40  3:55  SCV  
  42  3:57  Orbital Command  
  42  4:01  Hellion  
  46  4:03  Hellion, SCV  
  46  4:07  SCV  
  48  4:12  Refinery  
  48  4:15  SCV  
  49  4:19  SCV  
  49  4:22  Supply Depot, SCV  
  54  4:27  SCV  
  54  4:30  Supply Depot  
  55  4:32  SCV  
  55  4:34  SCV  
  59  4:42  Battlecruiser  
  59  4:44  SCV x2  
  62  4:46  SCV  
  62  4:49  Engineering Bay  
  63  4:53  Supply Depot  
  63  4:56  SCV  
  64  5:00  Orbital Command, SCV  
  65  5:08  SCV  
  65  5:09  Factory  
  65  5:10  Supply Depot, Factory  
  65  5:12  SCV  
  67  5:18  Hellion x2  
  67  5:20  SCV  
  72  5:24  SCV  
  72  5:25  SCV  
  74  5:30  Refinery  
  74  5:32  SCV  
  75  5:35  Refinery  
  75  5:36  SCV  
  75  5:37  SCV  
  77  5:43  Supply Depot  
  77  5:44  SCV  
  77  5:48  SCV  
  77  5:49  SCV  
  84  5:52  Weapon Refit  
  84  5:53  Factory Tech Lab  
  84  5:54  Factory Tech Lab  
  84  5:55  Battlecruiser  
  84  5:56  Supply Depot, SCV  
  87  6:00  SCV  
  87  6:01  SCV  
  89  6:07  Supply Depot  
  89  6:08  SCV  
  90  6:11  Hellion x2  
  90  6:12  SCV  
  90  6:14  SCV  
  90  6:15  Siege Tank  
  90  6:18  Siege Tank  
  102  6:20  Supply Depot, SCV  
  102  6:24  SCV  
  102  6:25  Infernal Pre-Igniter, Mag-Field Accelerator  
  104  6:26  Supply Depot, SCV  
  106  6:32  SCV  
  106  6:35  Armory x2  
  106  6:37  SCV  
  106  6:38  SCV  
  106  6:39  Supply Depot  
  108  6:45  SCV  
  108  6:46  Supply Depot  
  109  6:47  Siege Tank  
  109  6:50  Siege Tank  
  109  6:52  SCV  
  109  6:53  SCV  
  117  6:57  SCV  
  117  6:59  Command Center  
  118  7:05  SCV  
  118  7:08  Hellion x2  
  123  7:14  Factory  
  123  7:16  Factory  
  123  7:19  Cyclone, Missile Turret  
  123  7:21  Missile Turret x2  
  123  7:22  Sensor Tower, Cyclone  
  129  7:25  SCV x2  
  129  7:29  Missile Turret x2  
  131  7:31  Missile Turret  
  131  7:35  Missile Turret  
  131  7:38  Missile Turret x2  
  131  7:39  Missile Turret  
  131  7:42  Missile Turret  
  131  7:48  Hellion x2  
  135  7:51  Cyclone  
  135  7:54  Cyclone  
  135  7:55  SCV x2  
  135  7:56  SCV  
  144  8:00  Missile Turret  
  137  8:13  Factory Tech Lab  
  137  8:14  Factory Tech Lab, SCV  
  137  8:15  SCV  
  137  8:17  SCV  
  140  8:20  Missile Turret  
  140  8:26  SCV  
  140  8:27  SCV  
  142  8:28  Cyclone  
  142  8:33  Cyclone, Missile Turret  
  148  8:37  Refinery  
  148  8:41  Planetary Fortress  
  148  8:43  Sensor Tower  
  148  8:46  SCV x3  
  148  8:47  Refinery  
  151  8:50  Missile Turret  
  151  8:52  Cyclone, Missile Turret  
  154  8:55  Cyclone  
  154  8:58  SCV  
  154  9:00  Cyclone  
  154  9:02  Hellion  
  163  9:05  Sensor Tower  
  163  9:11  Sensor Tower  
  163  9:20  Supply Depot  
  163  9:22  Cyclone  
  163  9:23  Hellion  
  168  9:24  Cyclone  
  168  9:28  Hellion  
  168  9:29  Cyclone  
  164  9:32  Cyclone  
  135  9:54  Cyclone  
  135  9:56  Cyclone  
  128  10:01  Cyclone  
  128  10:05  Cyclone  
  129  10:08  Battlecruiser  
  129  10:10  Missile Turret  
  129  10:11  Missile Turret  
  130  10:18  SCV x2  
  132  10:26  Cyclone  
  128  10:28  Cyclone, SCV  
  128  10:33  Cyclone  
  127  10:37  Cyclone  
  127  10:38  Hellion  
  119  10:57  Hellion  
  119  10:58  Cyclone  
  119  10:59  Hellion  
  119  11:00  Cyclone  
  119  11:01  Missile Turret  
  119  11:02  Missile Turret x2  
  119  11:03  SCV x4  
  127  11:05  Cyclone  
  127  11:09  Cyclone  
  133  11:13  Sensor Tower, Battlecruiser, Terran Vehicle Weapons Level 1, Terran Vehicle And Ship Armor Level 1  
  133  11:15  SCV x3  
  141  11:18  Hellion  
  141  11:20  Hellion  
  123  11:30  Cyclone  
  123  11:33  Cyclone  
  123  11:34  SCV  
  123  11:35  Missile Turret  
  123  11:37  Missile Turret  
  123  11:39  Thor  
  133  11:49  Thor  
  133  11:52  Smart Servos, Widow Mine x2  
  133  11:53  Drilling Claws  
  143  11:59  Hi-Sec Auto Tracking  
  143  12:01  SCV  
  143  12:02  Cyclone, SCV x2  
  143  12:06  Cyclone  
  143  12:08  Missile Turret  
  152  12:14  Hellion  
  154  12:16  Missile Turret x2  
  154  12:18  Missile Turret  
  160  12:24  Liberator, Thor  
  160  12:26  Hellion  
  160  12:27  SCV x2  
  160  12:28  SCV  
  168  12:32  Cyclone  
  171  12:40  Command Center  
  171  12:49  Thor  
  171  12:51  Thor  
  148  13:04  Cyclone  
  126  13:07  Cyclone  
  126  13:08  Hellion  
  126  13:10  Raven  
  133  13:21  Command Center  
  133  13:25  Sensor Tower  
  133  13:27  Missile Turret, Terran Vehicle Weapons Level 2  
  133  13:28  Missile Turret  
  133  13:31  Missile Turret  
  133  13:32  Terran Vehicle And Ship Armor Level 2  
  133  13:34  Hellion x2  
  137  13:40  Thor  
  143  13:44  Hellion  
  143  13:45  Hellion  
  147  13:49  Cyclone  
  150  13:59  Hellion  
  152  14:05  Cyclone  
  154  14:14  Cyclone, Hellion  
  154  14:16  Missile Turret  
  159  14:17  Missile Turret  
  159  14:19  Missile Turret  
  159  14:23  Thor  
  171  14:27  SCV x3  
  171  14:28  SCV  
  175  14:36  Missile Turret, Neosteel Armor  
  175  14:38  Sensor Tower, Cyclone  
  175  14:39  SCV  
  175  14:42  Orbital Command  
  179  14:49  Cyclone  
  179  14:50  Hellion  
  179  14:52  Battlecruiser  
  184  14:53  Planetary Fortress  
  184  15:00  Cyclone, Hellion  
  184  15:16  Cyclone  
  184  15:21  Refinery x2, Command Center  
  187  15:23  Cyclone, Missile Turret  
  187  15:25  Hellion  
  187  15:27  Hellion  
  194  15:35  Starport  
  194  15:36  Starport  
  194  15:44  Terran Ship Weapons Level 1  
  192  15:52  Cyclone x2, Hellion  
  192  15:53  Cyclone  
  192  15:54  Hellion, SCV  
  192  15:55  Cyclone  
  190  16:13  Hellion  
  192  16:23  Hellion  
  194  16:33  Cyclone x2  
  194  16:39  Hellion  
  200  16:46  Cyclone  
  199  16:49  Command Center  
  199  16:51  Factory  
  199  16:52  Factory x2  
  199  16:53  Cyclone  
  160  17:05  Cyclone x2  
  160  17:06  Hellion  
  157  17:13  Hellion  
  159  17:18  Cyclone  
  148  17:25  Cyclone  
  148  17:27  Hellion  
  147  17:34  Hellion  
  149  17:38  Hellion  
Tags
 
Composition
Mech
Matchup
TvZ
Player
Jason
Spawn Locations
Cross Positions
Add a new tag
Caveats
  • Supply blocks, unpowered buildings, or Contaminate may cause inaccurate times.
  • Supply counts are checked every 10 seconds.